Map: [ESL] Dragon Scales

Players

GunGFuBanDa - Winner!

  • Race: Protoss Protoss
  • Spawn Location: 11:00

NightPhoenix

  • Race: Protoss Protoss
  • Spawn Location: 5:00

Event: ESL SC2 Masters 2023 Summer (Regionals)

VOD

Have the link to the VOD?

Description

Time

  • Played on: May 14, 2023, 9:12 a.m.
  • Length: 10:03

All games in this series

Show
View Real Time Build Order
Export as new Build Order

GunGFuBanDa Protoss - Winner!

Build Orders:  

Get SALT Encoding   

  12  0:00  Probe  
  13  0:12  Probe  
  14  0:17  Pylon  
  14  0:24  Probe (Chrono Boost)  
  15  0:36  Probe (Chrono Boost)  
  15  0:37  Gateway  
  16  0:44  Probe (Chrono Boost)  
  16  0:45  Assimilator  
  17  0:50  Probe  
  17  0:54  Assimilator  
  18  1:03  Probe (Chrono Boost)  
  19  1:07  Gateway  
  20  1:12  Probe (Chrono Boost)  
  20  1:17  Probe (Chrono Boost)  
  20  1:25  Cybernetics Core  
  21  1:29  Probe  
  22  1:34  Pylon  
  22  1:41  Probe  
  23  1:53  Probe  
  24  2:01  Warp Gate, Stalker, Sentry  
  24  2:05  Probe  
  29  2:12  Pylon  
  29  2:19  Probe  
  30  2:40  Nexus  
  30  2:43  Stalker  
  32  2:47  Probe  
  33  2:54  Stalker  
  34  3:01  Probe  
  34  3:05  Shield Battery  
  35  3:14  Robotics Facility  
  35  3:18  Probe  
  36  3:26  Pylon  
  36  3:30  Probe  
  37  3:53  Probe x2 (Chrono Boost)  
  39  3:59  Immortal (Chrono Boost)  
  39  4:00  Sentry  
  39  4:01  Stalker  
  48  4:04  Probe (Chrono Boost)  
  48  4:06  Probe (Chrono Boost)  
  48  4:09  Probe (Chrono Boost)  
  49  4:11  Probe  
  49  4:16  Forge  
  51  4:28  Probe x2  
  53  4:31  Observer  
  53  4:32  Pylon  
  53  4:36  Twilight Council  
  54  4:40  Probe x2  
  54  4:44  Stalker  
  58  4:48  Protoss Ground Weapons Level 1  
  58  4:52  Probe  
  59  4:53  Probe, Assimilator  
  59  4:59  Assimilator  
  60  5:01  Immortal (Chrono Boost)  
  60  5:06  Blink (Chrono Boost)  
  64  5:13  Zealot, Stalker  
  66  5:20  Probe x2  
  68  5:28  Shield Battery  
  68  5:37  Pylon  
  68  5:42  Probe x2  
  70  5:43  Pylon  
  70  5:51  Gateway  
  70  5:52  Gateway  
  70  5:53  Immortal (Chrono Boost)  
  70  5:54  Shield Battery  
  74  6:00  Stalker  
  74  6:01  Probe  
  74  6:02  Sentry  
  80  6:11  Gateway  
  80  6:12  Gateway  
  80  6:18  Gateway  
  79  6:20  Pylon  
  79  6:25  Warp Prism (Chrono Boost)  
  79  6:29  Shield Battery  
  81  6:40  Stalker, Sentry  
  81  6:42  Pylon  
  85  6:50  Stalker x2  
  88  7:02  Phoenix  
  88  7:04  Stalker x2  
  88  7:08  Stalker  
  94  7:12  Pylon  
  94  7:13  Pylon  
  94  7:14  Protoss Ground Weapons Level 2 (Chrono Boost)  
  92  7:15  Warp Prism  
  92  7:17  Observer  
  92  7:37  Nexus  
  92  7:38  Pylon  
  86  7:59  Resonating Glaives (Chrono Boost)  
  86  8:00  Stalker  
  86  8:01  Stalker x5  
  86  8:03  Sentry  
  86  8:05  Probe  
  101  8:10  Probe  
  102  8:15  Shield Battery  
  102  8:17  Probe  
  103  8:23  Probe  
  104  8:29  Probe  
  105  8:35  Probe  
  108  8:49  Adept  
  108  8:50  Adept  
  108  8:53  Stalker x4  
  118  9:00  Observer  
  112  9:18  Stalker x3  
  112  9:19  Stalker x4  
  126  9:29  Pylon  
  122  9:54  Stalker x7  
Show
View Real Time Build Order
Export as new Build Order

NightPhoenix Protoss 

Build Orders: Blink Stalkers 

Get SALT Encoding   

  12  0:00  Probe  
  13  0:12  Probe  
  14  0:17  Pylon  
  14  0:24  Probe (Chrono Boost)  
  15  0:36  Probe (Chrono Boost)  
  15  0:38  Gateway  
  16  0:45  Probe (Chrono Boost)  
  16  0:46  Assimilator  
  17  0:51  Probe  
  17  0:54  Assimilator  
  18  1:03  Probe (Chrono Boost)  
  19  1:07  Gateway  
  19  1:13  Probe (Chrono Boost)  
  19  1:18  Probe (Chrono Boost)  
  20  1:25  Cybernetics Core  
  21  1:29  Probe  
  22  1:35  Pylon  
  22  1:41  Probe  
  23  1:53  Probe  
  24  2:01  Warp Gate, Stalker x2  
  26  2:05  Probe  
  29  2:18  Pylon  
  29  2:31  Stalker  
  29  2:36  Stalker  
  33  2:37  Twilight Council  
  33  3:03  Nexus  
  33  3:06  Blink (Chrono Boost)  
  33  3:18  Probe  
  34  3:21  Pylon  
  34  3:24  Pylon  
  34  3:30  Probe  
  35  3:47  Probe  
  36  3:52  Stalker  
  36  3:53  Stalker  
  36  3:55  Gateway  
  40  4:02  Gateway  
  40  4:07  Probe  
  40  4:28  Stalker x2  
  40  4:29  Probe (Chrono Boost)  
  42  4:32  Probe (Chrono Boost)  
  42  4:42  Probe (Chrono Boost)  
  44  4:46  Probe (Chrono Boost)  
  44  4:49  Stalker  
  44  4:51  Stalker x2  
  50  4:54  Probe x2  
  50  4:57  Stalker  
  54  5:02  Pylon  
  52  5:14  Adept  
  52  5:15  Adept, Stalker  
  52  5:20  Stalker  
  60  5:21  Probe  
  60  5:22  Probe  
  62  5:33  Probe  
  62  5:34  Probe  
  64  5:42  Nexus  
  64  5:46  Pylon  
  64  5:48  Probe (Chrono Boost)  
  64  5:49  Probe (Chrono Boost)  
  66  5:59  Probe (Chrono Boost)  
  66  6:00  Probe (Chrono Boost)  
  66  6:01  Pylon  
  66  6:02  Forge  
  68  6:04  Probe (Chrono Boost)  
  68  6:05  Probe (Chrono Boost), Assimilator  
  70  6:17  Stalker x2  
  74  6:19  Probe  
  74  6:20  Probe, Pylon  
  76  6:28  Protoss Ground Weapons Level 1 (Chrono Boost)  
  76  6:31  Gateway  
  76  6:32  Gateway  
  76  6:41  Photon Cannon  
  76  6:47  Gateway  
  76  6:49  Gateway  
  76  6:53  Probe x2  
  76  7:04  Stalker x2  
  76  7:05  Stalker  
  76  7:07  Stalker  
  82  7:11  Pylon  
  80  7:22  Gateway  
  80  7:23  Gateway  
  80  7:24  Pylon  
  80  7:28  Stalker  
  80  7:29  Stalker  
  84  7:32  Stalker  
  84  7:35  Stalker  
  88  7:41  Stalker  
  88  7:42  Probe  
  88  7:43  Probe x2  
  81  7:54  Probe  
  81  7:55  Probe x2  
  84  7:59  Stalker x3  
  90  8:06  Pylon  
  90  8:07  Probe x3  
  90  8:11  Stalker  
  95  8:14  Stalker  
  95  8:19  Probe x2  
  99  8:22  Stalker x2  
  99  8:24  Assimilator  
  103  8:30  Photon Cannon  
  103  8:32  Robotics Facility  
  103  8:37  Adept  
  103  8:38  Adept  
  107  8:41  Probe x2  
  107  8:46  Probe  
  110  8:53  Probe  
  111  8:59  Nexus  
  111  9:00  Pylon  
  83  9:17  Stalker x6  
  83  9:18  Adept  
  83  9:20  Stalker x2  
  103  9:40  Stalker x4  
  103  9:41  Stalker  
  108  9:46  Stalker  
  108  9:49  Stalker x2  
  108  9:50  Stalker  
Tags
 
Add a new tag
Caveats
  • Supply blocks, unpowered buildings, or Contaminate may cause inaccurate times.
  • Supply counts are checked every 10 seconds.